 Dungeon Crawl Stone Soup version 0.31-a0-214-gb37851dbb3 (webtiles) character file.

Game seed: 4259595772862470912

945 nono the Trooper (level 8, 0/126 HPs)
             Began as an Ogre Fighter on July 1, 2023.
             Was a Follower of Trog.
             Slain by a gnoll sergeant
             ... wielding a +0 trident
              (8 damage)
             ... on level 6 of the Dungeon.
             The game lasted 00:14:27 (4955 turns).

nono the Trooper (Ogre Fighter)                     Turns: 4955, Time: 00:14:28

Health: 0/126      AC:  3    Str: 29    XL:     8   Next: 13%
Magic:  8/8        EV: 14    Int:  9    God:    Trog [*.....]
Gold:   174        SH:  8    Dex:  8    Spells: 7/7 levels left

rFire   . . .        a - +0 flail
rCold   . . .        c - +0 kite shield
rNeg    . . .        b - +0 robe
rPois   .            (helmet restricted)
rElec   .            (no cloak)
rCorr   .            (gloves unavailable)
SInv    .            (boots unavailable)
Will    .....        (no amulet) Stlth
                     m - +5 ring of evasion
HPRegen 0.41/turn    t - +6 ring of strength
MPRegen 0.11/turn

%: no passive effects
@: berserking (expiring), very quick
A: large, unfitting armour, tough skin 1
a: Renounce Religion, Berserk


You were on level 6 of the Dungeon.
You worshipped Trog.
Trog was aware of your devotion.
You visited 2 branches of the dungeon, and saw 7 of its levels.
You also visited: Ossuary.

You collected 213 gold pieces.
You spent 39 gold pieces at shops.

Inventory:

Hand Weapons
 a - a +0 flail (weapon)
Missiles
 f - 5 javelins (quivered)
 g - 3 large rocks
 h - 60 stones
Armour
 b - a +0 robe (worn)
 c - a +0 kite shield (worn)
Jewellery
 m - a +5 ring of evasion (left hand)
 t - a +6 ring of strength (right hand)
 A - a ring of magical power
Wands
 q - a wand of flame (22)
Scrolls
 e - a scroll of fear
 n - 4 scrolls of teleportation {unknown}
 o - 2 scrolls of poison {unknown}
 r - 2 scrolls of brand weapon {unknown}
 w - a scroll of enchant armour {unknown}
 x - 2 scrolls of identify {unknown}
 y - 2 scrolls of blinking {unknown}
Potions
 d - 2 potions of might
 i - a potion of haste {unknown}
 j - a potion of degeneration {unknown}
 k - 2 potions of lignification {unknown}
 l - 2 potions of curing
 p - 3 potions of attraction {unknown}
 s - 3 potions of heal wounds {unknown}
 u - 2 potions of invisibility {unknown}
 v - 2 potions of mutation {unknown}
 z - a potion of magic {unknown}


   Skills:
 + Level 6.5 Fighting
 + Level 4.1 Maces & Flails
 + Level 3.6 Throwing
 + Level 4.6 Dodging
 + Level 5.0 Shields


You had 7 spell levels left.
You didn't know any spells.
Your spell library contained the following spells:

 Spells                   Type           Power      Damage    Failure   Level
 Magic Dart               Conj           0%         1d3       58%         1
 Call Imp                 Summ           0%         N/A       75%         2
 Call Canine Familiar     Summ           0%         N/A       92%         3
 Mephitic Cloud           Conj/Pois/Air  0%         N/A       92%         3
 Portal Projectile        Hex/Tloc       0%         N/A       92%         3
 Leda's Liquefaction      Hex/Erth       0%         N/A       100%        4


Dungeon Overview and Level Annotations

Branches:
Dungeon (6/15)             Temple (1/1) D:5         Ossuary (visited)

Altars:
Elyvilon
Gozag
Nemelex Xobeh
Okawaru
Qazlal
Ru
Trog
Uskayaw
Vehumet
Yredelemnul
Zin

Shops:
D:1 *


Innate Abilities, Weirdness & Mutations

You are too large for most types of armour.
You have tough skin. (AC +1)


Message History

The gnoll sergeant closely misses you.
Throw: 6 javelins
Press: ? - help, Q - select action, (/) - cycle Shift-Dir - straight line, f - gnoll
Aim: a gnoll, wielding a +0 whip (63% to hit)
You throw a javelin.
The javelin completely misses the gnoll sergeant.
The javelin pierces through the gnoll!
The gnoll is severely wounded.
The gnoll sergeant hits you from afar with a +0 trident! x2
A red film seems to cover your vision as you go berserk!
You feel yourself moving faster!
You feel mighty!
The gnoll sergeant hits you from afar with a +0 trident!
* * * LOW HITPOINT WARNING * * *
You closely miss the gnoll.
The gnoll is severely wounded.
You block the gnoll sergeant's attack. The gnoll hits you with a +0 whip.
* * * LOW HITPOINT WARNING * * *
You barely miss the gnoll.
The gnoll is severely wounded.
You thump the gnoll!
You kill the gnoll!
Trog accepts your kill. The gnoll sergeant closely misses you.
The gnoll completely misses you. The gnoll sergeant closely misses you.
The gnoll closely misses you.
Things that are here:
a +0 whip; a gnoll corpse You thump the gnoll!
You kill the gnoll!
Trog accepts your kill.
The gnoll sergeant hits you with a +0 trident!
* * * LOW HITPOINT WARNING * * *
You barely miss the gnoll sergeant.
The gnoll sergeant hits you with a +0 trident!
* * * LOW HITPOINT WARNING * * *
You block the gnoll's attack.
You thump the gnoll sergeant!
The gnoll sergeant is heavily wounded.
The gnoll barely misses you.
The gnoll sergeant hits you with a +0 trident!
You die...

#... .... ...
######### ..#
#.......# ..##
#.......# ..#
#.......# #.#
#.......# #.#
#.##.##.# # #@##
###...#####
#gg######.....##..
##.(..##.......#..
####).)..._......
####..(....#..
##.....##..
##...##...
##.###### ..... #


You could see a gnoll sergeant and a gnoll.

Vanquished Creatures
  A centaur (D:5)
  An elf zombie (Ossuary)
  A phantom (D:5)
  2 scorpions (D:5)
  A centaur zombie (Ossuary)
  A hound (D:5)
  A human zombie (Ossuary)
  An orc priest (D:6)
  2 sleepcaps
  A gnoll bouda (D:5)
  3 iguanas
  2 orc wizards (D:5)
  2 mummies (Ossuary)
  6 gnolls
  5 adders
  2 shadow imps
  A white imp (D:5)
  An ufetubus (D:5)
  2 adder zombies (Ossuary)
  5 worms
  3 dart slugs
  10 orcs
  5 ball pythons
  4 bats
  6 endoplasms
  2 giant cockroaches (D:2)
  6 goblins
  5 hobgoblins
  3 jackals (D:3)
  7 kobolds
  5 quokkas
  2 frilled lizards
  A goblin zombie (Ossuary)
  14 hobgoblin zombies (Ossuary)
  A jackal zombie (Ossuary)
  6 kobold zombies (Ossuary)
  9 orc zombies (Ossuary)
  4 rats
  A rat zombie (Ossuary)
135 creatures vanquished.

Notes
Turn   | Place    | Note
-------+----------+-------------------------------------------
     0 | D:1      | nono the Ogre Fighter began the quest for the Orb.
     0 | D:1      | Reached XP level 1. HP: 24/24 MP: 1/1
   168 | D:1      | Reached XP level 2. HP: 30/32 MP: 2/2
   333 | D:1      | Found Cegefeon's General Store.
   346 | D:1      | Bought a potion of curing for 39 gold pieces
   583 | D:2      | Reached XP level 3. HP: 40/40 MP: 3/3
   739 | D:2      | HP: 2/40 [adder (2)]
   974 | D:2      | Reached skill level 1 in Throwing
  1098 | D:2      | Reached XP level 4. HP: 48/49 MP: 4/4
  2226 | D:4      | Found a sand-covered staircase.
  2260 | Ossuary  | Entered an ossuary
  2511 | Ossuary  | Reached XP level 5. HP: 55/55 MP: 5/5
  2614 | Ossuary  | Reached skill level 5 in Fighting
  2649 | Ossuary  | Reached XP level 6. HP: 53/66 MP: 6/6
  3525 | D:4      | Found an opulent altar of Gozag.
  3525 | D:4      | Found a glowing silver altar of Zin.
  3634 | D:5      | Entered Level 5 of the Dungeon
  3655 | D:5      | Reached XP level 7. HP: 71/74 MP: 7/7
  4013 | D:5      | Found a sacrificial altar of Ru.
  4067 | D:5      | Found a staircase to the Ecumenical Temple.
  4073 | Temple   | Entered the Ecumenical Temple
  4108 | Temple   | Became a worshipper of Trog the Wrathful
  4167 | D:5      | Reached skill level 6 in Fighting
  4800 | D:5      | Reached XP level 8. HP: 84/84 MP: 8/8
  4855 | D:6      | Reached skill level 5 in Shields
  4870 | D:6      | Reached * piety under Trog
  4909 | D:6      | Found an iron altar of Okawaru.
  4955 | D:6      | Slain by a gnoll sergeant

Illustrated notes

Levels and vault maps discovered:
D:1:      amcnicky_arrival_underground_garden, layout_rooms, serial_shops, shop,
          minmay_misc_feat_nine_boxes
D:2:      layout_basic
D:3:      layout_loops_cross
D:4:      layout_loops_corners, grunt_temple_overflow_gold_and_silver,
          nicolae_ossuary_entry_false_entrances
D:5:      layout_basic, nicolae_ru_awakened_eye, minmay_temple_entry_sparse_star
D:6:      layout_basic, mainiacjoe_overflow_boulevard, lemuel_round_altar,
          kennysheep_big_empty_room, uniq_eustachio
Temple:   eino_temple_water

Skill      XL: |  1  2  3  4  5  6  7  8 |
---------------+-------------------------+-----
Maces & Flails | 2 3 4 |  4.1
Dodging        | 3 4 |  4.6
Throwing       | 1 2 3 |  3.6
Fighting       | 5 6 |  6.5
Shields        | 4 5 |  5.0

Action                     |  1- 3 |  4- 6 |  7- 9 || total
---------------------------+-------+-------+-------++-------
  Melee: Flail             |   116 |   239 |   136 ||   491
  Throw: Javelin           |     4 |    11 |    25 ||    40
         Large rock        |     4 |       |       ||     4
 Invoke: Berserk           |       |       |     1 ||     1
  Evoke: Wand              |       |       |     1 ||     1
    Use: Potion            |     2 |       |     1 ||     3
         Scroll            |       |     1 |       ||     1
 Armour: Robe              |    34 |    35 |    19 ||    88
  Dodge: Dodged            |    40 |   126 |   105 ||   271
  Block: Kite shield       |    38 |    78 |    77 ||   193

Table legend: (Time is in decaauts)
 A = Elapsed time spent in this place.
 B = Non-inter-level travel time spent in this place.
 C = Inter-level travel time spent in this place.
 D = Time resting spent in this place.
 E = Time spent auto-exploring this place.
 F = Levels seen in this place.
 G = Mean time per level.
                   A        B        C        D        E       F      G
               +--------+--------+--------+--------+--------+-----+--------+
         Total |   5161 |   4945 |    216 |    336 |   2877 |   8 |  645.1 |
       Dungeon |   4648 |   4473 |    175 |    336 |   2877 |   6 |  774.7 |
        Temple |     58 |     17 |     41 |      0 |      0 |   1 |   58.0 |
       Ossuary |    453 |    453 |      0 |      0 |      0 |   1 |  453.0 |
               +--------+--------+--------+--------+--------+-----+--------+

Top non-repeatable levels by time:
     D:5: 1193 daAuts
     D:4: 1123 daAuts
     D:2: 886 daAuts
     D:3: 723 daAuts
     D:1: 598 daAuts
 Ossuary: 453 daAuts
     D:6: 123 daAuts
  Temple: 58 daAuts
